 Dungeon Crawl Stone Soup version 0.27-a0-1278-g6cbc8dfb29 (webtiles) character file.

Game seed: 9070923457111347099

27 flotson the Skirmisher (level 2, 0/24 HPs)
             Began as a Demonspawn Fighter on June 12, 2021.
             Slain by an ogre (24 damage)
             ... on level 4 of the Dungeon.
             The game lasted 00:01:32 (967 turns).

flotson the Skirmisher (Demonspawn Fighter)          Turns: 967, Time: 00:01:32

Health: 0/24       AC:  6    Str: 16    XL:     2   Next: 93%
Magic:  2/2        EV:  7    Int:  9    God:
Gold:   38         SH:  8    Dex: 12    Spells: 1/1 levels left

rFire    . . .     SeeInvis .   a - +0 war axe
rCold    . . .     Faith    .   c - +0 kite shield
rNeg     . . .     Spirit   .   b - +0 scale mail
rPois    .         Reflect  .   (no helmet)
rElec    .         Harm     .   (no cloak)
rCorr    .         Rampage  .   (no gloves)
Will     .....                  (no boots)
Stlth    ..........             (no amulet)
HPRegen  0.08/turn              (no ring)
MPRegen  0.08/turn              (no ring)

@: mighty
A: talons 1
a: no special abilities


You were on level 4 of the Dungeon.
You visited 1 branch of the dungeon, and saw 3 of its levels.

You collected 38 gold pieces.

Inventory:

Hand Weapons
 a - a +0 war axe (weapon)
Armour
 b - a +0 scale mail (worn)
 c - a +0 kite shield (worn)
Jewellery
 l - a ring of ice
Scrolls
 f - 2 scrolls of identify {unknown}
 g - a scroll of fog {unknown}
 j - a scroll of enchant armour {unknown}
 k - a scroll of teleportation {unknown}
Potions
 e - a potion of magic {unknown}
 h - a potion of heal wounds {unknown}
 i - a potion of berserk rage {unknown}


   Skills:
 + Level 3.2 Fighting
 + Level 2.1 Axes
 + Level 2.9 Armour
 + Level 0.9 Dodging
 + Level 2.9 Shields


You had one spell level left.
You didn't know any spells.
Your spell library was empty.

Dungeon Overview and Level Annotations

Branches:
Dungeon (2/15)

Altars:


Innate Abilities, Weirdness & Mutations

You have sharp toenails.


Message History

A bat is nearby!
You miss the bat. Your kick misses the bat. The bat closely misses you.
The bat barely misses you. The bat hits you but does no damage.
You barely miss the bat. The bat closely misses you.
You fall into a shaft and drop 2 floors!
The shaft crumbles and collapses.
You hear the sound of rushing water.
There is an entrance to a sewer on this level.
Hurry and find it before the portal rusts away!
An adder skeleton comes into view.
Unknown command.
You barely miss the adder skeleton. The adder skeleton bites you.
The adder skeleton completely misses you.
You slash the adder skeleton! You claw the adder skeleton.
You destroy the adder skeleton!
No target in view!
No target in view!
No target in view!
No target in view!
No target in view!
No target in view!
HP restored.
You open the door.
There is an open door here.
You hear the slow rusting of a distant drain.
You open the door.
An ogre comes into view. It is wielding a +0 giant spiked club.
The ogre shouts!
There is an open door here.
A kobold comes into view. It is wielding a +0 club.
Okay, then.
You feel very mighty all of a sudden.
The kobold shouts!
You barely miss the ogre. You claw the ogre.
The ogre is lightly wounded.
You block the ogre's attack.
You slash the ogre! You claw the ogre!
The ogre is severely wounded.
The ogre hits you with a +0 giant spiked club!!
Ouch! That really hurt!
You die...

############+##
...............
...............
.......?.......
...............
........K......
###############'##
#.............O..#
#............@...#
#................#
#................#
#................#
##'###############
#......# #......#
#......# #......#


You could see an ogre and a kobold.

Vanquished Creatures
  An adder skeleton (D:4)
  A worm (D:2)
  2 giant cockroaches (D:1)
  3 goblins
  A hobgoblin (D:2)
  A kobold (D:1)
  2 quokkas
  A ball python (D:1)
  4 bats (D:1)
  6 rats
22 creatures vanquished.

Notes
Turn   | Place    | Note
-------+----------+-------------------------------------------
     0 | D:1      | flotson the Demonspawn Fighter began the quest for the Orb.
     0 | D:1      | Reached XP level 1. HP: 18/18 MP: 1/1
   296 | D:1      | Gained mutation: You have sharp toenails. [demonic
                  | ancestry]
   296 | D:1      | Reached XP level 2. HP: 23/24 MP: 2/2
   909 | D:2      | You fall into a shaft and drop 2 floors!
   959 | D:4      | Noticed an ogre
   967 | D:4      | Slain by an ogre

Illustrated notes

Levels and vault maps discovered:
D:1:      evilmike_arrival_hilbert_curve, layout_basic, minmay_misc_feat_x
D:2:      layout_loops_ring, basic_altar, serial_shops, shop
D:4:      layout_gridville, gammafunk_temple_overflow_pools,
          gup_sewer_entry_bowl, minmay_crystal_room, lemuel_flame_loot_1,
          uniq_ijyb, uniq_crazy_yiuf_cottage

Skill      XL: |  1  2 |
---------------+-------+-----
Axes           | 2 |  2.1
Fighting       | |  3.2
Armour         | |  2.9
Dodging        | |  0.9
Shields        | |  2.9

Action                   || total
-------------------------++-------
Melee: War axe           ||    64
       Kick              ||    10
  Use: Potion            ||     1
Armor: Scale mail        ||    31
Dodge: Dodged            ||    25
Block: Kite shield       ||    36

Table legend: (Time is in decaauts)
 A = Elapsed time spent in this place.
 B = Non-inter-level travel time spent in this place.
 C = Inter-level travel time spent in this place.
 D = Time resting spent in this place.
 E = Time spent auto-exploring this place.
 F = Levels seen in this place.
 G = Mean time per level.
                   A        B        C        D        E       F      G
               +--------+--------+--------+--------+--------+-----+--------+
         Total |   1007 |    961 |     46 |      0 |    793 |   3 |  335.7 |
       Dungeon |   1007 |    961 |     46 |      0 |    793 |   3 |  335.7 |
               +--------+--------+--------+--------+--------+-----+--------+

Top non-repeatable levels by time:
     D:1: 734 daAuts
     D:2: 213 daAuts
     D:4: 59 daAuts
